 Dungeon Crawl Stone Soup version 0.28.0-47-ge53b351184 (webtiles) character file.

Game seed: 5449313525515698507

158 Descartes the Chopper (level 5, -4/38 HPs)
             Began as a Formicid Warper on May 2, 2022.
             Was an Initiate of Gozag.
             Slain by a wight
             ... wielding the +11 mace of the Toadstool {freeze, Drain rC+ Dex+5}
              (12 damage)
             ... on level 2 of the Dungeon.
             The game lasted 00:04:21 (3434 turns).

Descartes the Chopper (Formicid Warper)             Turns: 3434, Time: 00:04:22

Health: -4/38      AC:  5    Str: 17    XL:     5   Next: 67%
Magic:  8/8        EV: 11    Int: 13    God:    Gozag
Gold:   7          SH:  0    Dex: 10    Spells: 8/8 levels left

rFire   . . .      SeeInvis +   n - +0 war axe
rCold   . . .      Faith    .   (no shield)
rNeg    . . .      Spirit   .   h - +0 ring mail
rPois   .          Reflect  .   (helmet unavailable)
rElec   .          Harm     .   (no cloak)
rCorr   .          Rampage  .   (no gloves)
Will    .....                   (no boots)
Stlth   ..........              (no amulet)
HPRegen 0.12/turn               (no ring)
MPRegen 0.11/turn               (no ring)

@: no status effects
A: permanent stasis, dig shafts and tunnels, antennae 3, four strong arms
a: Dig, Shaft Self, Renounce Religion, Potion Petition, Call Merchant, Bribe
Branch


You were on level 2 of the Dungeon.
You worshipped Gozag.
Gozag was noncommittal.
You visited 1 branch of the dungeon, and saw 3 of its levels.

You collected 183 gold pieces.
You spent 140 gold pieces at shops.
You paid 36 gold pieces to Gozag.

Inventory:

Hand Weapons
 a - a +0 hand axe
 n - a +0 war axe (weapon)
Missiles
 c - 5 boomerangs of dispersal (quivered)
 l - 15 stones
 o - 3 poisoned darts
Armour
 b - a +0 leather armour
 h - a +0 ring mail (worn)
Scrolls
 e - a scroll of blinking {unknown}
 f - a scroll of acquirement {unknown}
 i - a scroll of teleportation {unknown}
 m - a scroll of fear {unknown}
 q - a scroll of immolation {unknown}
Potions
 d - 3 potions of berserk rage {unknown}
 g - a potion of lignification {unknown}
 j - a potion of brilliance {unknown}
 k - 2 potions of curing
 p - a potion of degeneration {unknown}
 r - a potion of flight
 s - a potion of might


   Skills:
 - Level 2.1 Fighting
 + Level 5.4 Axes
 - Level 1.0 Throwing
 - Level 1.1 Armour
 - Level 1.7 Dodging
 - Level 2.1 Spellcasting
 - Level 2.6 Translocations


You had 8 spell levels left.
You didn't know any spells.
Your spell library contained the following spells:

 Spells                   Type           Power      Damage    Failure   Level
 Magic Dart               Conj           4%         1d3       43%         1
 Gell's Gravitas          Tloc           8%         N/A       43%         3
 Lesser Beckoning         Tloc           8%         N/A       43%         3
 Teleport Other           Tloc           8%         N/A       43%         3
 Call Imp                 Summ           1%         N/A       56%         2
 Mephitic Cloud           Conj/Pois/Air  1%         N/A       80%         3
 Manifold Assault         Tloc           8%         N/A       99%         5
 Dispersal                Tloc           4%         N/A       100%        6
 Disjunction              Tloc           4%         N/A       100%        8
 Blink                    Tloc           Unusable   N/A       N/A         2

Dungeon Overview and Level Annotations

Branches:
Dungeon (3/15)

Altars:
Gozag
Okawaru
Wu Jian

Shops:
D:3 !


Innate Abilities, Weirdness & Mutations

You cannot be hasted, slowed, berserked, paralysed or teleported.
You can dig through walls and to a lower floor.
You have a pair of large antennae on your head. (SInv)
Your four strong arms can wield two-handed weapons with a shield.


Message History

You feel drained. The wight closely misses you.
You slash the wight!
The wight is heavily damaged.
A wight comes into view. It is wielding a +3 battleaxe.
The wight hits you with a +0 falchion!
You feel drained.
You hit the wight.
The wight is heavily damaged.
The wight hits you but does no damage.
You hit the wight but do no damage.
The wight is heavily damaged.
The wight hits you with a +0 falchion.
You feel drained.
You hit the wight.
The wight is almost destroyed.
The wight completely misses you. The wight closely misses you.
You hit the wight.
You destroy the wight!
Your life force feels restored.
You closely miss the wight.
The wight hits you with the +11 mace of the Toadstool {freeze, Drain rC+ Dex+5}.
The wight freezes you.
The wight is distracted by your dazzling golden aura.
The wight hits you with the +11 mace of the Toadstool {freeze, Drain rC+ Dex+5}!
* * * LOW HITPOINT WARNING * * *
The wight freezes you.
* * * LOW HITPOINT WARNING * * *
There is an open door here.
There is an open door here.
There is a stone staircase leading up here.
The wight closely misses you.
You climb upwards.
There is a stone staircase leading down here.
You barely miss the wight. The wight closely misses you.
You hit the wight.
The wight is moderately damaged.
The wight closely misses you.
You closely miss the wight.
The wight is moderately damaged.
The wight hits you with the +11 mace of the Toadstool {freeze, Drain rC+ Dex+5}!
You die...
Your body crumbles into a pile of gold.

############ ## #..........####.
########## #...............
##...##...## #..........##.#.
#..........## #..>.......##.#.
............######..........##.#.
......†........#.....#.......)...
.................z............##.
#...............@................
......#.......................#..
....#.##.........................
._....##.....).................#.
......##........>..............##
....#.##.......................##
##.##.###..............).........
#....#..........................
####.#............#............#


You could see a wight.

Vanquished Creatures
  A wight (D:3)
  An orc priest (D:3)
  An adder (D:3)
  2 worms
  3 dart slugs
  3 orcs (D:3)
  3 bats
  3 endoplasms
  2 giant cockroaches
  2 goblins
  10 hobgoblins
  3 jackals (D:1)
  2 quokkas
  5 ball pythons
  9 frilled lizards
  7 kobolds
  8 rats
65 creatures vanquished.

Notes
Turn   | Place    | Note
-------+----------+-------------------------------------------
     0 | D:1      | Descartes the Formicid Warper began the quest for the Orb.
     0 | D:1      | Reached XP level 1. HP: 16/16 MP: 3/3
   251 | D:1      | Reached XP level 2. HP: 18/22 MP: 5/5
   527 | D:1      | Reached skill level 3 in Axes
   582 | D:1      | Reached XP level 3. HP: 24/24 MP: 6/6
  1335 | D:2      | Reached skill level 4 in Axes
  1335 | D:2      | Reached XP level 4. HP: 23/33 MP: 7/7
  1883 | D:2      | Found an ornate altar of the Wu Jian Council.
  2304 | D:3      | Found a faded altar of an unknown god.
  2598 | D:3      | Reached XP level 5. HP: 13/38 MP: 8/8
  2866 | D:3      | Found an opulent altar of Gozag.
  2877 | D:3      | Became a worshipper of Gozag Ym Sagoz the Greedy
  2989 | D:3      | Reached skill level 5 in Axes
  3107 | D:3      | Found an iron altar of Okawaru.
  3364 | D:3      | Found Vousiapsi's Distillery.
  3377 | D:3      | Bought a potion of curing for 42 gold pieces
  3377 | D:3      | Bought a potion of flight for 42 gold pieces
  3377 | D:3      | Bought a potion of might for 56 gold pieces
  3383 | D:3      | Identified the +11 mace of the Toadstool {freeze, Drain rC+
                  | Dex+5}
  3434 | D:2      | Slain by a wight

Illustrated notes

Levels and vault maps discovered:
D:1:      dpeg_arrival_orchard, layout_basic, minmay_3d_cube
D:2:      layout_rooms, basic_altar
D:3:      layout_basic, nicolae_gozag_cash_rules_everything_around_me,
          mainiacjoe_overflow_alcove_1, mainiacjoe_overflow_alcove_2,
          serial_shops, nicolae_shop_behind_doors,
          shapermc_ecumenical_altar_totnotflames

Skill      XL: |  1  2  3  4  5 |
---------------+----------------+-----
Axes           | 3 4 5 |  5.4
Fighting       | |  2.1
Throwing       | |  1.0
Armour         | |  1.1
Dodging        | |  1.7
Spellcasting   | |  2.1
Translocations | |  2.6

Action                   |  1- 3 |  4- 6 || total
-------------------------+-------+-------++-------
Melee: Hand axe          |    98 |    61 ||   159
       Punch             |       |     1 ||     1
       War axe           |       |    31 ||    31
Armor: Leather armour    |    24 |     6 ||    30
       Ring mail         |       |     9 ||     9
Dodge: Dodged            |    54 |    61 ||   115
